 Dungeon Sprint DCSS version 0.27.1 (webtiles) character file.

Game seed: 486745481976927721

309 styxcanada the Unseen (level 6, -10/33 HPs)
             Began as a Spriggan Brigand on Aug 22, 2021.
             Was an Initiate of Gozag.
             Mangled by a wandering mushroom (13 damage)
             ... in the Dungeon (Sprint IV: "Fedhas' Mad Dash").
             The game lasted 00:04:22 (825 turns).

styxcanada the Unseen (Spriggan Brigand)             Turns: 825, Time: 00:04:22

Health: -10/33     AC:  3    Str:  7    XL:     6   Next: 17%
Magic:  5/7        EV: 20    Int: 13    God:    Gozag
Gold:   446        SH:  0    Dex: 18    Spells: 5/5 levels left

rFire    . . .     SeeInvis +   a - +2 dagger
rCold    . . .     Faith    .   n - +0 buckler
rNeg     . . .     Spirit   .   b - +0 robe
rPois    .         Reflect  .   (helmet restricted)
rElec    .         Harm     .   c - +0 cloak
rCorr    .         Rampage  .   (gloves unavailable)
Will     +....     NoTele   +   (boots unavailable)
Stlth    ++........             l - amulet of invisibility {+Inv}
HPRegen  0.11/turn              (no ring)
MPRegen  0.10/turn              (no ring)

@: confused, very slightly contaminated, invisible, very quick
A: very small, no large weapons, unfitting armour, see invisible, speed 3
a: Renounce Religion, Evoke Invisibility, Potion Petition, Call Merchant, Bribe
Branch


You were in the Dungeon.
You worshipped Gozag.
Gozag was aware of your devotion.
You visited 1 branch You collected 446 gold pieces.

Inventory:

Hand Weapons
 a - a +2 dagger (weapon)
 d - a +2 antimagic rapier
Missiles
 e - 2 curare-tipped darts (quivered)
 g - 28 stones
 o - 6 poisoned darts
Armour
 b - a +0 robe (worn)
 c - a +0 cloak (worn)
 n - a +0 buckler (worn)
Jewellery
 l - the amulet of invisibility (around neck) {+Inv}
   (You found it in the Dungeon)

   [amulet of nothing]

   +Inv:      It lets you turn invisible.
Scrolls
 k - a scroll of blinking
 p - a scroll of amnesia {unknown}
Potions
 f - a potion of curing
 h - a potion of haste
 i - 2 potions of magic
 j - a potion of berserk rage
 m - a potion of ambrosia {unknown}


   Skills:
 * Level 4.1 Fighting
 + Level 4.2 Short Blades
 + Level 3.9 Throwing
 * Level 6.0 Dodging
 * Level 15.4 Stealth
 * Level 2.0 Evocations


You had 5 spell levels left.
You didn't know any spells.
Your spell library was empty.

Dungeon Overview and Level Annotations

Branches:
Dungeon (1/1)

Altars:
Cheibriados
Dithmenos
Elyvilon
Gozag
Hepliaklqana
Kikubaaqudgha
Makhleb
Nemelex Xobeh
Okawaru
Qazlal
Ru
Sif Muna
Trog
Uskayaw
Vehumet
Wu Jian
Xom
Yredelemnul
Zin
The Shining One
Beogh
Jiyva
Lugonu

Shops:
D (![


Innate Abilities, Weirdness & Mutations

You are very small and have problems with some larger weapons.
You are too small for most types of armour.
You have supernaturally acute eyesight. (SInv)
You cover ground extremely quickly. (Speed+++)


Message History

Found Neuluc Sityr's Weapon Emporium.
o - 6 poisoned darts (gained 1)
You now have 442 gold pieces (gained 9).
Your magical contamination has completely faded away.
You now have 446 gold pieces (gained 4).
A wandering mushroom comes into view.
There is an open door here.
You fail to use your ability.
You fade into invisibility!
You are very lightly contaminated with residual magic.
A burning bush comes into view.
Found a buckler, a leather armour, a dagger and a +0 rapier.
Found Xanyut's Antique Armour Shoppe.
A scorpion and a wandering mushroom come into view.
There is an open door here.
The wandering mushroom closely misses you.
You see here a +0 buckler.
You hit the burning bush but do no damage.
The burning bush throws fire at you. The puff of flame misses you.
The wandering mushroom barely misses you.
The wandering mushroom releases spores at you!
You are engulfed in a cloud of spores!
Unknown command.
You hit the wandering mushroom.
The wandering mushroom is lightly damaged.
The wandering mushroom barely misses you.
The wandering mushroom completely misses you.
Unknown command.
You hit the wandering mushroom but do no damage.
The wandering mushroom is lightly damaged.
The scorpion completely misses you. The wandering mushroom misses you.
The wandering mushroom releases spores at you!
Ouch! That really hurt!
* * * LOW HITPOINT WARNING * * *
You are engulfed in a cloud of spores!
You are confused.
The wandering mushroom releases spores at you!
You die...
Your body crumbles into a pile of gold.

################### #
_._.⌠.#..'...#....##∩#
._._..'..#...#.f.P'))#
_._...#..###'##fs[# $$
._._..#..##∩∩.'.@.#
_._.⌠.#############
####### $ $ $ $


You could see 2 wandering mushrooms, a burning bush and a scorpion (wandering).

Vanquished Creatures
  2 scorpions (D)
  4 oklob saplings (D)
  2 spriggans (D)
  A river rat (D)
  A rat (D)
10 creatures vanquished.

Vanquished Creatures (others)
  A fungus (D)
1 creature vanquished.

Grand Total: 11 creatures vanquished

Notes
Turn   | Place    | Note
-------+----------+-------------------------------------------
     0 | D        | styxcanada the Spriggan Brigand began the quest for the
                  | Orb.
     0 | D        | Reached XP level 1. HP: 10/10 MP: 2/2
    20 | D        | Reached skill level 7 in Stealth
    20 | D        | Reached XP level 2. HP: 9/15 MP: 3/3
    31 | D        | Reached skill level 8 in Stealth
   139 | D        | Noticed an oklob sapling
   141 | D        | Killed an oklob sapling
   142 | D        | Reached skill level 9 in Stealth
   142 | D        | Reached XP level 3. HP: 18/18 MP: 4/4
   143 | D        | Noticed a scorpion
   143 | D        | Found the amulet of invisibility {+Inv}
   145 | D        | Killed a scorpion
   146 | D        | Reached skill level 12 in Stealth
   146 | D        | Reached XP level 4. HP: 23/23 MP: 5/5
   167 | D        | Found an opulent altar of Gozag.
   167 | D        | Found a hazy altar of Hepliaklqana.
   167 | D        | Found a burning altar of Makhleb.
   167 | D        | Found a sparkling altar of Nemelex Xobeh.
   167 | D        | Found a snail-covered altar of Cheibriados.
   167 | D        | Found a sacrificial altar of Ru.
   167 | D        | Found a shimmering blue altar of Sif Muna.
   167 | D        | Found a shimmering altar of Xom.
   167 | D        | Found a basalt altar of Yredelemnul.
   168 | D        | Found a viscous altar of Jiyva.
   168 | D        | Found a bloodstained altar of Trog.
   168 | D        | Found an ornate altar of the Wu Jian Council.
   169 | D        | Found an iron altar of Okawaru.
   169 | D        | Found a shadowy altar of Dithmenos.
   169 | D        | Found a glowing silver altar of Zin.
   170 | D        | Found an ancient bone altar of Kikubaaqudgha.
   170 | D        | Found a hide-covered altar of Uskayaw.
   171 | D        | Found a stormy altar of Qazlal.
   171 | D        | Found a white marble altar of Elyvilon.
   171 | D        | Found a glowing golden altar of the Shining One.
   172 | D        | Became a worshipper of Gozag Ym Sagoz the Greedy
   173 | D        | Found a corrupted altar of Lugonu.
   173 | D        | Found a radiant altar of Vehumet.
   177 | D        | Reached skill level 13 in Stealth
   177 | D        | Reached XP level 5. HP: 28/28 MP: 3/6
   225 | D        | Reached skill level 5 in Dodging
   273 | D        | Reached skill level 14 in Stealth
   273 | D        | Reached skill level 1 in Evocations
   332 | D        | Reached skill level 15 in Stealth
   738 | D        | Reached XP level 6. HP: 33/33 MP: 4/7
   802 | D        | Found Affagolo's Distillery.
   805 | D        | Found Neuluc Sityr's Weapon Emporium.
   814 | D        | Noticed a wandering mushroom
   817 | D        | Found Xanyut's Antique Armour Shoppe.
   817 | D        | Noticed a burning bush
   818 | D        | Noticed a wandering mushroom
   825 | D        | Mangled by a wandering mushroom

Illustrated notes

Levels and vault maps discovered:
D:        dungeon_sprint_fedhas [sprint_temple]

Skill      XL: |  1  2  3  4  5  6 |
---------------+-------------------+-----
Fighting       | 2 3 4 |  4.1
Dodging        | 2 3 4 5 6 |  6.0
Stealth        | 7 9 12 13 15 | 15.4
Short Blades   | 3 4 |  4.2
Throwing       | 3 |  3.9
Evocations     | 1 2 |  2.0

Action                   |  1- 3 |  4- 6 || total
-------------------------+-------+-------++-------
Melee: Dagger            |     6 |    13 ||    19
Throw: Dart              |     6 |    16 ||    22
 Abil: Evoke Invisibilit |       |     4 ||     4
  Use: Potion            |       |     1 ||     1
 Stab: Sleeping          |     3 |     2 ||     5
       Invisible         |       |     1 ||     1
       Distracted        |       |     1 ||     1
Dodge: Dodged            |     3 |    19 ||    22
